 Dungeon Sprint DCSS version 0.24-a0-250-g6074511092 (webtiles) character file.

Game seed: 2270652100783552379

2000000 Redear the Warrior (level 15, -26/137 HPs)
             Began as a Demonspawn Warper on Apr 15, 2019.
             Was a Believer of Makhleb.
             Annihilated by a meat berserker
             ... wielding a +9 battleaxe
              (30 damage)
             ... in the Dungeon (Sprint VIII: "Arena of Blood").
             The game lasted 00:00:42 (20 turns).

Redear the Warrior (Demonspawn Warper)                Turns: 20, Time: 00:00:42

Health: -26/137    AC:  8    Str: 13    XL:     15   Next: 59%
Magic:  6/36       EV: 26    Int: 14    God:    Makhleb [**....]
Gold:   0          SH:  0    Dex: 18    Spells: 48/48 levels left

rFire    . . .     SeeInvis .     - Unarmed
rCold    . . .     Gourm    .   (no shield)
rNeg     . . .     Faith    .   b - +0 leather armour
rPois    .         Spirit   .   (no helmet)
rElec    .         Reflect  .   (no cloak)
rCorr    .         Harm     .   (no gloves)
MR       +....     NoTele   +   (no boots)
Stlth    +++.......             (no amulet)
HPRegen  0.32/turn              (no ring)
MPRegen  0.25/turn              (no ring)

@: no status effects
A: claws 2, molten scales 2, nightstalker 2, powered by death 2
a: Minor Destruction, Renounce Religion


You were in the Dungeon.
You worshipped Makhleb.
Makhleb was pleased with you.
You were not hungry.

You visited 1 branch

Inventory:

Hand Weapons
 a - a +0 hand axe
 c - the +∞ Axe of Woe
   (You found it in the Dungeon)
Missiles
 e - 5 tomahawks of dispersal (quivered)
Armour
 b - a +0 leather armour (worn)
Scrolls
 B - 2 scrolls of blinking
Potions
 h - a potion of heal wounds {@q1}
 j - 2 potions of magic
 k - a potion of berserk rage
 H - a potion of haste {@q5}
 Q - a potion of curing {@q2}
Comestibles
 z - a ration


   Skills:
 + Level 18.6 Fighting
 + Level 17.5 Axes
 - Level 0.8 Throwing
 + Level 17.3 Armour
 + Level 17.3 Dodging
 + Level 17.3 Unarmed Combat
 + Level 17.4 Spellcasting
   Level 2.6 Translocations


You had 48 spell levels left.
You didn't know any spells.
Your spell library contained the following spells:

 Spells                   Type           Power        Failure   Level  Hunger
 Blink                    Tloc           N/A          2%          2    None
 Shroud of Golubria       Chrm/Tloc      ###.......   4%          2    None
 Gell's Gravitas          Tloc           ###.......   5%          3    None
 Lesser Beckoning         Tloc           ###.......   5%          3    None
 Teleport Other           Tloc           ###.....     5%          3    None
 Passage of Golubria      Tloc           N/A          19%         4    #......


Dungeon Overview and Level Annotations

Branches:
Dungeon (1/1)

Altars:
Makhleb


Innate Abilities, Weirdness & Mutations

You have very sharp fingernails.
You are mostly covered in molten scales. (AC +3)
You are significantly more attuned to the shadows.
You regenerate health from kills.


Message History

The bag of meat hits you with a +9 war axe.
You hear a shout! x4
The meat berserker completely misses you.
You hear a shout!
You take 5 damage, and have 47/137 hp.
A bag of meat comes into view. It is wielding a +9 war axe.
The bag of meat shouts!
You hear a shout! x3
The meat berserker hits you with a +9 battleaxe!!!
* * * LOW HITPOINT WARNING * * *
You hear a shout! x3
The meat berserker rages.
You hear a shout! x9
The bag of meat moves out of view.
You hear a shout! x3
You see here the +∞ Axe of Woe.
You take 43 damage, and have 4/137 hp.
MASSIVE DAMAGE!!
c - the +∞ Axe of Woe You hear a shout! x4
The meat berserker hits you with a +9 battleaxe!!
You die...

.... ...........
..... .........
o.... #.......#
.#o.. #O......#
....o###.......###.
.....OO@))###......
.#..oOO))._.......
#......O#.....#....
........#_.<._# .
#.......#.....#
..#........_.....
..........###......
....###... ..###.
#.. ..#


You could see 6 meat berserkers and 3 bags of meat.

Vanquished Creatures
  2 ogres (D)
  3 orcs (D)
5 creatures vanquished.

Notes
Turn   | Place    | Note
-------+----------+-------------------------------------------
     0 | D        | Found the +∞ Axe of Woe
     0 | D        | Redear the Demonspawn Warper began the quest for the Orb.
     0 | D        | Reached XP level 1. HP: 16/16 MP: 3/3
     3 | D        | Noticed a bag of meat
     4 | D        | Became a worshipper of Makhleb the Destroyer
     5 | D        | Noticed a meat berserker
     5 | D        | Noticed a bag of meat
     6 | D        | Killed a bag of meat
     6 | D        | Reached skill level 12 in Fighting
     6 | D        | Reached skill level 11 in Axes
     6 | D        | Reached skill level 11 in Armour
     6 | D        | Reached skill level 11 in Dodging
     6 | D        | Reached skill level 11 in Unarmed Combat
     6 | D        | Reached skill level 11 in Spellcasting
     6 | D        | Gained mutation: You are slightly more attuned to the
                  | shadows. [demonic ancestry]
     6 | D        | Reached XP level 2. HP: 38/38 MP: 3/14
     6 | D        | Gained mutation: You have sharp fingernails. [demonic
                  | ancestry]
     6 | D        | Reached XP level 3. HP: 44/44 MP: 3/15
     6 | D        | Reached XP level 4. HP: 51/51 MP: 3/17
     6 | D        | Gained mutation: You are partially covered in molten
                  | scales. (AC +2) [demonic ancestry]
     6 | D        | Reached XP level 5. HP: 57/57 MP: 3/18
     6 | D        | Gained mutation: You regenerate a little health from kills.
                  | [demonic ancestry]
     6 | D        | Reached XP level 6. HP: 64/64 MP: 3/20
     6 | D        | Gained mutation: You have very sharp fingernails. [demonic
                  | ancestry]
     6 | D        | Reached XP level 7. HP: 70/70 MP: 3/21
     6 | D        | Reached XP level 8. HP: 76/76 MP: 3/23
     6 | D        | Reached XP level 9. HP: 82/82 MP: 3/24
     6 | D        | Gained mutation: You are mostly covered in molten scales.
                  | (AC +3) [demonic ancestry]
     6 | D        | Reached XP level 10. HP: 89/89 MP: 3/25
     6 | D        | Reached XP level 11. HP: 95/95 MP: 3/26
     7 | D        | Noticed a meat berserker
     7 | D        | Killed a meat berserker
     7 | D        | Reached * piety under Makhleb
     7 | D        | Reached skill level 15 in Fighting
     7 | D        | Reached skill level 14 in Axes
     7 | D        | Reached skill level 14 in Armour
     7 | D        | Reached skill level 14 in Dodging
     7 | D        | Reached skill level 14 in Unarmed Combat
     7 | D        | Reached skill level 14 in Spellcasting
     7 | D        | Gained mutation: You are significantly more attuned to the
                  | shadows. [demonic ancestry]
     7 | D        | Reached XP level 12. HP: 110/110 MP: 3/30
     7 | D        | Gained mutation: You regenerate health from kills. [demonic
                  | ancestry]
     7 | D        | Reached XP level 13. HP: 116/116 MP: 3/31
     7 | D        | Killed a bag of meat
     7 | D        | Reached skill level 16 in Fighting
     7 | D        | Reached skill level 15 in Axes
     7 | D        | Reached skill level 15 in Armour
     7 | D        | Reached skill level 15 in Dodging
     7 | D        | Reached skill level 15 in Unarmed Combat
     7 | D        | Reached skill level 15 in Spellcasting
     7 | D        | Reached XP level 14. HP: 125/125 MP: 3/33
     8 | D        | Noticed a bag of meat
    11 | D        | Killed a bag of meat
    11 | D        | Reached skill level 17 in Fighting
    11 | D        | Reached skill level 16 in Axes
    11 | D        | Killed a meat berserker
    11 | D        | Reached ** piety under Makhleb
    11 | D        | Reached skill level 18 in Fighting
    11 | D        | Reached skill level 17 in Axes
    11 | D        | Reached skill level 17 in Armour
    11 | D        | Reached skill level 17 in Dodging
    11 | D        | Reached skill level 17 in Unarmed Combat
    11 | D        | Reached skill level 17 in Spellcasting
    11 | D        | Reached XP level 15. HP: 137/137 MP: 4/36
    12 | D        | Noticed a meat berserker
    14 | D        | Noticed a meat berserker
    14 | D        | Noticed a meat berserker
    16 | D        | Noticed a meat berserker
    16 | D        | Noticed a meat berserker
    18 | D        | Noticed a meat berserker
    19 | D        | HP: 4/137 [meat berserker/+9 battleaxe (43)]
    20 | D        | Annihilated by a meat berserker

Levels and vault maps discovered:
D:        meatsprint

Skill      XL: |  1  2  3  4  5  6  7  8  9 10 11 12 13 14 |
---------------+-------------------------------------------+-----
Fighting       | 12 15 16 18 | 18.6
Axes           | 11 14 15 17 | 17.5
Armour         | 11 14 15 17 | 17.3
Dodging        | 11 14 15 17 | 17.3
Unarmed Combat | 11 14 15 17 | 17.3
Spellcasting   | 11 14 15 17 | 17.4
Throwing       | |  0.8
Translocations | |  2.6

Action                   |  1- 3 |  4- 6 |  7- 9 | 10-12 | 13-15 || total
-------------------------+-------+-------+-------+-------+-------++-------
Melee: Executioner's axe |     1 |       |       |     1 |     1 ||     3
       Unarmed           |       |       |       |       |     2 ||     2
Dodge: Dodged            |       |       |       |     1 |     4 ||     5

Table legend:
 A = Non-vault XP
 B = Vault XP
 C = Vault XP percentage of total XP
 D = Non-vault monster count
 E = Vault monster count
 F = Vault count percentage of total count
                 A         B        C        D         E       F
            +---------+---------+-------+---------+---------+-------
      Total |  114000 |   18760 |  14.1 |       4 |       1 |  20.0
            +---------+---------+-------+---------+---------+-------
          D |  114000 |   18760 |  14.1 |       4 |       1 |  20.0
            +---------+---------+-------+---------+---------+-------
